 Dungeon Crawl Stone Soup version 0.32-a0-886-g41c5271027 (webtiles) character file.

Game seed: 1238820853355656652

1671867 whatisthis the Hoplite (level 27, 231/231 HPs)
             Began as a Gnoll Reaver on Apr 2, 2024.
             Was a Priest of Ashenzari.
             Escaped with the Orb
             ... and 3 runes on Apr 4, 2024!
             The game lasted 04:36:21 (68155 turns).

whatisthis the Hoplite (Gnoll Reaver)              Turns: 68155, Time: 04:36:22

Health: 231/231    AC: 24    Str: 18    XL:     27
Magic:  49/49      EV: 18    Int: 13    God:    Ashenzari [***...]
Gold:   2179       SH: 37    Dex: 19    Spells: 19/70 levels left

rFire   + + +        w - +6 demon blade (spect)
rCold   + + +        W - +8 tower shield of Light {rC+ rN+ Slay+3}
rNeg    + + .        v - +2 chain mail of Ashenzari's Moon {rPois, Fort, Melee} (curse)
rPois   +            C - -2 hat of the Alchemist {rElec rPois rF+ rC+ rN+ Will+ rMut rCorr, Self, Melee} (curse)
rElec   +            m - +2 cloak "Sybil of Ashenzari" {Will+, Self, Melee} (curse)
rCorr   +            J - +0 pair of gloves of the Clairvoyant Sky {Rampage Regen+ Str+3 Dex-2, Melee, Sorc} (curse)
SInv    +            K - +1 pair of boots "Ruined Minor Irritation" {Melee, Self} (curse)
Will    +++++        t - amulet "Arghux" {Reflect +Blink rF++ rC+ SH+5 Stlth-}
Stlth   ++           D - +4 ring of slaying
HPRegen 1.38/turn    S - ring of wizardry
MPRegen 0.31/turn

%: reflection, clarity, resist mutation, rampage, wizardry (x1)
@: enlightened, flying, hasted, studying Shields, very quick
A: fangs 1, strong nose, distributed training, berserk 1
0: Orb of Zot
}: 3/15 runes: serpentine, barnacled, silver
a: Renounce Religion, Evoke Blink, Curse Item, Shatter the Chains


You escaped.
You worshipped Ashenzari.
Ashenzari was most pleased with you.
You visited 10 branches of the dungeon, and saw 47 of its levels.
You also visited: Trove, Gauntlet and Ice Cave.

You collected 6135 gold pieces.
You spent 3956 gold pieces at shops.

Inventory:

Hand Weapons
 w - a +6 spectral demon blade (weapon)
Missiles
 e - 3 curare-tipped darts
 k - 5 silver javelins
 p - 73 poisoned darts
 H - a throwing net
 P - 33 boomerangs (quivered)
 T - 33 javelins
Armour
 m - the cursed +2 cloak "Sybil of Ashenzari" (worn) {Will+, Self, Melee}
   (You found it on level 3 of the Lair of Beasts)

   It has a curse which improves the following skills: Introspection: Fighting
   and Spellcasting.
   Melee Combat: Short Blades, Long Blades, Axes, Maces & Flails, Polearms,
   Staves and Unarmed Combat.
 v - the cursed +2 chain mail of Ashenzari's Moon (worn) {rPois, Fort, Melee}
   (You took it off Urug on level 10 of the Dungeon)

   It has a curse which improves the following skills: Fortitude: Armour and
   Shields.
   Melee Combat: Short Blades, Long Blades, Axes, Maces & Flails, Polearms,
   Staves and Unarmed Combat.
 C - the cursed -2 hat of the Alchemist (worn) {rElec rPois rF+ rC+ rN+ Will+ rMut rCorr, Self, Melee}
   (You bought it in a shop on level 4 of the Depths)

   rF+:       It protects you from fire.
   rC+:       It protects you from cold.
   rElec:     It insulates you from electricity.
   rPois:     It protects you from poison.
   rN+:       It protects you from negative energy.
   Will+:     It increases your willpower.
   rCorr:     It protects you from acid and corrosion.
   rMut:      It protects you from mutation.
   It has a curse which improves the following skills: Introspection: Fighting
   and Spellcasting.
   Melee Combat: Short Blades, Long Blades, Axes, Maces & Flails, Polearms,
   Staves and Unarmed Combat.
 J - the cursed +0 pair of gloves of the Clairvoyant Sky (worn) {Rampage Regen+ Str+3 Dex-2, Melee, Sorc}
   (You found it on level 7 of the Dungeon)

   Str+3:     It affects your strength (+3).
   Dex-2:     It affects your dexterity (-2).
   Regen+:    It increases your rate of health regeneration.
   Rampage:   It bestows one free step when moving towards enemies.
   It has a curse which improves the following skills: Melee Combat: Short
   Blades, Long Blades, Axes, Maces & Flails, Polearms, Staves and Unarmed
   Combat.
   Sorcery:   Conjurations and Alchemy.
 K - the cursed +1 pair of boots "Ruined Minor Irritation" (worn) {Melee, Self}
   (You found it on level 7 of the Dungeon)

   It has a curse which improves the following skills: Melee Combat: Short
   Blades, Long Blades, Axes, Maces & Flails, Polearms, Staves and Unarmed
   Combat.
   Introspection: Fighting and Spellcasting.
 W - the +8 tower shield of Light (worn) {rC+ rN+ Slay+3}
   (You found it on level 1 of the Shoals)

   Slay+3:    It affects your accuracy & damage with ranged weapons and melee
   (+3).
   rC+:       It protects you from cold.
   rN+:       It protects you from negative energy.
Jewellery
 t - the amulet "Arghux" (around neck) {Reflect +Blink rF++ rC+ SH+5 Stlth-}
   (You found it in a Gauntlet)

   [amulet of reflection]

   Reflect:   It reflects blocked missile attacks.
   rF++:      It greatly protects you from fire.
   rC+:       It protects you from cold.
   +Blink:    It lets you blink.
   SH+5:      It affects your SH (+5).
   Stlth-:    It makes you less stealthy.
 D - a +4 ring of slaying (left hand)
 S - a ring of wizardry (right hand)
Wands
 c - a wand of digging (39)
 j - a wand of polymorph (3)
 A - a wand of paralysis (35)
 R - a wand of mindburst (17)
 U - a wand of flame (101)
 X - a wand of quicksilver (9)
 Y - a wand of warping (48)
Scrolls
 a - 10 scrolls of fog
 d - 9 scrolls of fear
 f - 18 scrolls of teleportation
 i - a scroll of silence
 o - 3 scrolls of summoning
 u - 5 scrolls of brand weapon
 y - a scroll of torment
 E - 11 scrolls of enchant armour
 I - 5 scrolls of poison
 M - 6 scrolls of blinking
Potions
 b - a potion of haste
 g - 24 potions of curing
 h - 2 potions of might
 l - 6 potions of berserk rage
 n - 10 potions of heal wounds
 q - 4 potions of resistance
 x - 10 potions of lignification
 B - 6 potions of brilliance
 F - 2 potions of magic
 L - a potion of enlightenment
 N - 3 potions of cancellation
 O - 5 potions of mutation
Miscellaneous
 r - a Gell's gravitambourine (2/2)
 z - a tin of tremorstones (2/2)
 G - a condenser vane
 Z - a box of beasts


   Skills:
 + Level 19.4(22.0) Fighting
 + Level 18.9(22.8) Short Blades
 + Level 19.8(23.7) Long Blades
 + Level 18.9(22.8) Axes
 + Level 18.9(22.8) Maces & Flails
 + Level 18.9(22.8) Polearms
 + Level 18.9(22.8) Staves
 + Level 18.9 Ranged Weapons
 + Level 18.9 Throwing
 + Level 18.9(20.2) Armour
 + Level 19.4 Dodging
 + Level 18.9 Stealth
 + Level 23.0(24.2) Shields
 + Level 18.9(22.8) Unarmed Combat
 + Level 19.5(22.1) Spellcasting
 + Level 16.9(18.3) Conjurations
 + Level 16.1 Hexes
 + Level 16.1 Summonings
 + Level 16.1 Necromancy
 + Level 16.1 Translocations
 + Level 16.1 Fire Magic
 + Level 16.1 Ice Magic
 + Level 16.1 Air Magic
 + Level 16.1 Earth Magic
 + Level 16.1(17.5) Alchemy
 + Level 20.4 Invocations
 + Level 18.9 Evocations
 + Level 17.5 Shapeshifting


You had 19 spell levels left.
You knew the following spells:

 Your Spells              Type           Power      Damage    Failure   Level
a - Kiss of Death         Conj/Necr      100%       2d13      0%          1
b - Sting                 Conj/Alch      100%       1d9       0%          1
c - Searing Ray           Conj           100%       2d8       0%          2
d - Ensorcelled Hibernat  Hex/Ice        100%       N/A       1%          2
e - Frozen Ramparts       Ice            100%       1d16      1%          3
f - Freezing Cloud        Conj/Ice/Air   27%        6-21      1%          5
g - Stone Arrow           Conj/Erth      100%       3d13      1%          3
h - Fireball              Conj/Fire      28%        3d12      1%          5
i - Cause Fear            Hex            27%        N/A       1%          4
j - Bombard               Conj/Erth      28%        9d5       1%          6
k - Starburst             Conj/Fire      28%        6d9       1%          6
l - Dispersal             Tloc           27%        N/A       1%          6
m - Orb of Destruction    Conj           29%        9d9       2%          7

Your spell library contained the following spells:

 Spells                   Type           Power      Damage    Failure   Level
 Apportation              Tloc           100%       N/A       0%          1
 Freeze                   Ice            100%       1d10      0%          1
 Magic Dart               Conj           100%       1d8       0%          1
 Necrotise                Necr           100%       1d9       0%          1
 Slow                     Hex            100%       N/A       0%          1
 Summon Small Mammal      Summ           100%       N/A       0%          1
 Mercury Vapours          Alch/Air       100%       N/A       0%          2
 Momentum Strike          Conj/Tloc      100%       3d10      0%          2
 Call Imp                 Summ           100%       N/A       1%          2
 Cigotuvi's Dreadful Rot  Necr/Alch/Air  100%       N/A       1%          2
 Jinxbite                 Hex            100%       N/A       1%          2
 Lesser Beckoning         Tloc           100%       N/A       1%          2
 Sublimation of Blood     Necr           54%        N/A       1%          2
 Call Canine Familiar     Summ           54%        N/A       1%          3
 Confusing Touch          Hex            54%        N/A       1%          3
 Dazzling Flash           Conj/Hex       100%       N/A       1%          3
 Fugue of the Fallen      Necr           54%        N/A       1%          3
 Hailstorm                Conj/Ice       56%        3d11      1%          3
 Maxwell's Portable Pile  Tloc           54%        2d(10-29) 1%          3
 Mephitic Cloud           Conj/Alch/Air  56%        N/A       1%          3
 Ozocubu's Armour         Ice            54%        N/A       1%          3
 Passwall                 Erth           54%        N/A       1%          3
 Sigil of Binding         Hex            54%        N/A       1%          3
 Summon Ice Beast         Ice/Summ       54%        N/A       1%          3
 Swiftness                Air            54%        N/A       1%          3
 Teleport Other           Tloc           54%        N/A       1%          3
 Tukima's Dance           Hex            54%        N/A       1%          3
 Vampiric Draining        Necr           54%        2d9       1%          3
 Volatile Blastmotes      Fire/Tloc      100%       2d18      1%          3
 Anguish                  Hex/Necr       27%        N/A       1%          4
 Animate Armour           Summ/Erth      100%       N/A       1%          4
 Brom's Barrelling Bould  Conj/Erth      56%        2d7       1%          4
 Dimensional Bullseye     Hex/Tloc       27%        N/A       1%          4
 Fulminant Prism          Conj/Alch      28%        3d14      1%          4
 Ignite Poison            Fire/Alch      55%        N/A       1%          4
 Iskenderun's Mystic Bla  Conj/Tloc      56%        2d12      (+2d61%     4
 Martyr's Knell           Necr/Summ      54%        N/A       1%          4
 Olgreb's Toxic Radiance  Alch           56%        N/A       1%          4
 Sticky Flame             Fire/Alch      55%        2d10      1%          4
 Summon Blazeheart Golem  Fire/Summ      54%        N/A       1%          4
 Summon Lightning Spire   Summ/Air       54%        N/A       1%          4
 Alistair's Intoxication  Alch           37%        N/A       1%          5
 Curse of Agony           Necr           54%        N/A       1%          5
 Iskenderun's Battlesphe  Conj           58%        2d11      1%          5
 Lee's Rapid Deconstruct  Erth           27%        3d14*     1%          5
 Metabolic Englaciation   Hex/Ice        27%        N/A       1%          5
 Summon Forest            Summ/Tloc      27%        N/A       1%          5
 Summon Mana Viper        Hex/Summ       54%        N/A       1%          5
 Conjure Ball Lightning   Conj/Air       28%        3x3d8     1%          6
 Death Channel            Necr           27%        N/A       1%          6
 Eringya's Noxious Bog    Alch           28%        4d6       1%          6
 Gell's Gavotte           Tloc           27%        2d(23-34) 1%          6
 Permafrost Eruption      Ice/Erth       27%        2x4d7     1%          6
 Sculpt Simulacrum        Ice/Alch       27%        N/A       1%          6
 Spellforged Servitor     Conj/Summ      28%        N/A       4%          7
 Malign Gateway           Summ/Tloc      27%        N/A       7%          7
 Manifold Assault         Tloc           27%        N/A       7%          7
 Ozocubu's Refrigeration  Ice            27%        4d13      7%          7
 Summon Hydra             Summ           27%        N/A       7%          7
 Lehudib's Crystal Spear  Conj/Erth      28%        10d7      32%         8
 Discord                  Hex            27%        N/A       45%         8
 Disjunction              Tloc           27%        N/A       45%         8
 Ignition                 Fire           27%        3d9       45%         8
 Maxwell's Capacitive Co  Air            27%        ∞         45%         8
 Summon Horrible Things   Summ           27%        N/A       45%         8
 Chain Lightning          Conj/Air       28%        3d37      99%         9
 Fire Storm               Conj/Fire      28%        8d7       99%         9
 Dragon's Call            Summ           27%        N/A       100%        9
 Polar Vortex             Ice            27%        12d3*     100%        9
 Shatter                  Erth           27%        3d23*     100%        9


Dungeon Overview and Level Annotations

Branches:
Dungeon (15/15)            Temple (1/1) D:6            Lair (5/5) D:9
 Shoals (4/4) Lair:3        Snake (4/4) Lair:3        Slime (0/5) Lair:4
    Orc (2/2) D:10            Elf (2/3) Orc:2        Vaults (5/5) D:13
  Crypt (0/3) Vaults:2     Depths (4/4) D:15            Zot (5/5) Depths:4
  IceCv (visited)         Gauntlet (visited)

Altars:
Ashenzari
Cheibriados
Dithmenos
Elyvilon
Fedhas
Gozag
Hepliaklqana
Kikubaaqudgha
Makhleb
Nemelex Xobeh
Okawaru
Qazlal
Ru
Sif Muna
Trog
Uskayaw
Vehumet
Wu Jian
Xom
Yredelemnul
Zin
The Shining One
Jiyva

Shops:
D:5 ?   D:7 (   D:9 :   Orc:1 *   Orc:2 **:(?   Shoals:3 *   Snake:2 ([[
Snake:3 ?   Vaults:3 =(![*   Vaults:5 (   Depths:4 [

Portals:
Hell: Depths:1 Depths:2 Depths:3 Depths:4
Abyss: Depths:2 Depths:3
Pandemonium: Depths:2
Ziggurat: Depths:1

Annotations:
D:4 1 runed translucent door, 1 exclusion, Eustachio; Menkaure; wildpjah's ghost, amateur DsGl
D:14 2 exclusions
Shoals:1 Roxanne
Orc:1 1 runed translucent door, ragingrage's ghost, journeyman DsRe
Elf:2 39 runed translucent doors
Vaults:3 exclusions: door and 4 more exclusions, Frederick
Vaults:5 Bai Suzhen
Depths:2 1 transporter
Depths:3 Xtahua
Zot:2 2 transporters, Jemaz's ghost, veteran MfBe


Innate Abilities, Weirdness & Mutations

You have very sharp teeth.
Your uncanny sense of smell can sniff out nearby items.
Your experience applies equally to all skills.
You sometimes lose your temper in combat.


Message History

You slash the hellwing!
You bite the hellwing, but do no damage.
The hellwing is moderately wounded.
You block the hellwing's attack. x2
You barely miss the hellwing.
The hellwing is moderately wounded.
You hit the hellwing.
The hellwing is moderately wounded.
You block the hellwing's attack. The hellwing closely misses you.
You slice the hellwing!!
The hellwing is almost dead.
You block the hellwing's attack. x2
You slash the hellwing!
You kill the hellwing!
There is a stone staircase leading up here.
You climb upwards.
Level annotation: 1 runed translucent door, 1 exclusion, Eustachio; Menkaure; wildpjah's ghost, amateur DsGl
There is a stone staircase leading down here.
Things that are here:
a black bear skeleton; a hound skeleton You see here a black bear skeleton.
There is a stone staircase leading up, spattered with blood here.
You climb upwards.
There is a stone staircase leading down here.
There is a stone staircase leading up here.
You climb upwards.
There is a stone staircase leading down here.
There is an escape hatch in the ceiling here.
A mysterious force pulls you upwards. The hatch slams shut behind you.
A green death comes into view.
You feel very buoyant.
You fly up into the air.
You feel yourself speed up. The green death gestures at you.
You block the poison arrow... and reflect it back!
The poison arrow hits the green death!!
The green death partially resists.
The green death is poisoned.
The green death gestures at you.
There is a staircase leading out of the dungeon here.
You have escaped!

#........# #.# #...... #.######.#
#.# #.##### #.# #.# #.## #.# #
#.# ###.#####..# #.# # #.#
##..........# #.# #
#.###..≈≈≈≈≈≈≈..## #.# ##
#######.....≈≈.♣...≈≈(.####.####.
#..........≈≈....♣..≈≈.........#.
#.######..≈≈....@☼ß..≈≈....#.#...
#.# #..≈..ߧ○°☼.♣..≈.#.#.####. #.#
##.≈....☼☼☼....≈.#.### #. #.#
#.≈≈...○☼☼☼..≈≈.#.# #. #.#
#..≈≈.♣○.ß..≈≈..#.# #. #.#
##...≈≈.☼...≈≈..##.# #. #.##
#.....≈≈☼2≈≈≈..###.# ## ..>#
##.##...........# #.#
.).####..###..........###.##


You could see a green death (very poisoned).

Vanquished Creatures
  A dread lich (Zot:5)
  2 ancient liches
  10 orbs of fire (Zot:5)
  Mara (Snake:4)
  Josephina (Depths:3)
  Sojobo (Vaults:2)
  Vashnia (Snake:2)
  2 Killer Klowns (Zot:5)
  Saint Roka (Vaults:2)
  9 golden dragons
  A curse toe (Zot:5)
  2 bone dragons
  A Tzitzimitl (Zot:1)
  4 electric golems
  2 doom hounds (Zot:1)
  Jorgrun (Snake:2)
  5 liches
  Asterion (Snake:3)
  25 Orb Guardians
  13 tentacled monstrosities
  A walking divine tome (Depths:3)
  Grunn (Zot:1)
  4 sphinxes
  A kraken (Shoals:1)
  6 quicksilver dragons
  2 titans
  4 death cobs
  Polyphemus (Shoals:4)
  12 tengu reavers
  Donald (Elf:1)
  8 shadow dragons
  22 storm dragons
  2 draconian monks
  5 nagarajas
  Ilsuiw (Shoals:3)
  4 draconian shifters
  11 fire giants
  An iron dragon (Vaults:5)
  12 frost giants
  3 draconian scorchers
  5 draconian knights
  4 protean progenitors
  22 vault wardens
  Louise (Snake:3)
  A cacodemon (Depths:4)
  2 balrugs
  The ghost of Xochamen the Nimble, a journeyman DjIE of Makhleb (D:13)
  6 draconian stormcallers
  An orc warlord (Vaults:2)
  6 ghost moths
  A reaper (Zot:1)
  14 ironbound preservers
  11 stone giants
  34 very ugly things
  4 draconian annihilators
  9 ironbound thunderhulks
  A vampire knight (Depths:1)
  10 green draconians
  4 formless jellyfish
  5 white draconians
  7 yellow draconians
  4 deep elf demonologists
  2 eleionomae (Shoals:2)
  11 black draconians
  9 red draconians
  5 spark wasps
  3 war gargoyles
  3 deep elf annihilators
  6 purple draconians
  A deep elf death mage (Vaults:2)
  A minotaur (Gauntlet)
  A lorocyproca (Depths:2)
  4 dire elephants (Vaults:1)
  A green death (Depths:2)
  Snorg (Orc:1)
  10 merfolk impalers
  3 crystal guardians
  13 ettins
  18 yaktaur captains
  13 fire dragons
  6 great orbs of eyes
  3 merfolk javelineers
  2 jiangshi
  An entropy weaver (Vaults:4)
  2 deep elf high priests (Vaults:5)
  13 hydras
  4 ice dragons
  11 ironbound frosthearts
  5 peacekeepers
  4 salamander tyrants
  29 vault guards
  A spriggan zombie (Depths:3)
  4 rakshasas
  3 catoblepae
  3 ogre magi
  4 merfolk aquamancers
  17 centaur warriors
  A death knight (D:14)
  3 spriggan air magi
  2 radroaches (Zot:2)
  21 dancing weapons
  2 alligator snapping turtles (Shoals:4)
  7 two-headed ogres
  21 anacondas
  15 death yaks
  3 satyrs (Shoals:2)
  A death scarab (Depths:1)
  10 deep troll shamans
  5 boulder beetles
  10 deep troll earth magi
  4 merfolk avatars
  A tengu warrior (D:15)
  A spriggan berserker (Depths:3)
  A vampire mage (Depths:2)
  4 shock serpents
  4 occultists
  Urug (D:10)
  9 orc high priests
  9 deep elf knights
  22 naga sharpshooters
  15 naga warriors
  9 hell knights
  A sixfirhy (Depths:2)
  5 salamander mystics
  4 iron trolls
  4 skysharks
  A mana viper (shapeshifter) (Vaults:4)
  11 sea snakes
  6 glowing orange brains
  A flayed ghost (Depths:3)
  3 goliath frogs (Lair:5)
  An anaconda (shapeshifter) (Vaults:5)
  8 skeletal warriors
  6 arcanists
  A deep troll (shapeshifter) (Depths:3)
  7 naga ritualists
  A glowing orange brain (shapeshifter) (Vaults:5)
  36 deep trolls
  2 shadow dragon zombies (Depths:3)
  A swamp dragon (shapeshifter) (Vaults:5)
  8 deep elf archers
  20 ironbound convokers
  8 mana vipers
  A kraken simulacrum (Shoals:4)
  14 deep elf pyromancers
  7 phantasmal warriors
  4 thermic dynamos (Elf:1)
  5 necromancers
  2 lindwurms (Vaults:1)
  8 orc knights
  22 harpies
  6 orc sorcerers
  32 ugly things
  An obsidian bat (Orc:2)
  25 salamanders
  17 deep elf zephyrmancers
  10 manticores
  5 oklob plants
  14 cyclopes
  24 fauns
  5 kobold blastminers
  21 moths of wrath
  8 merfolk sirens
  4 meliai
  15 elephants
  Joseph (D:10)
  8 guardian serpents (Snake:4)
  2 ice statues
  9 water nymphs
  26 vault sentinels
  27 cane toads
  A cane toad (shapeshifter) (Depths:4)
  2 smoke demons (Depths:4)
  40 black mambas
  A rust devil (D:8)
  17 naga magi
  2 gargoyles
  53 yaktaurs
  2 efreet
  A torpor snail (Lair:3)
  16 komodo dragons
  3 rime drakes
  A kobold demonologist (D:10)
  A tormentor (Zot:1)
  4 freezing wraiths
  6 tengu conjurers
  5 trolls
  3 hornets
  A hellwing (D:5)
  31 merfolk
  A merfolk (shapeshifter) (Vaults:5)
  17 polar bears
  A shadow dragon simulacrum (Depths:3)
  2 tyrant leeches
  7 wind drakes
  2 tengu simulacra (Depths:3)
  A glass eye (Depths:3)
  A tarantella (shapeshifter) (D:14)
  15 dream sheep
  A fire giant simulacrum (Depths:3)
  32 blink frogs
  9 snapping turtles
  22 water elementals
  A centaur simulacrum (D:15)
  A spriggan (Depths:3)
  16 slime creatures
  A ynoxinul (D:13)
  5 shadows
  3 wraiths
  4 wyverns
  An unseen horror simulacrum (D:9)
  An air elemental (Elf:2)
  9 basilisks
  59 yaks
  3 fire elementals (Elf:1)
  3 wargs
  4 steam dragons
  9 vampire mosquitoes
  44 nagas
  A two-headed ogre zombie (D:10)
  Edmund (D:4)
  5 acid dragons
  18 water moccasins
  3 elephant zombies (Lair:3)
  41 orc warriors
  An ice beast (D:9)
  4 ogres
  3 laughing skulls (Gauntlet)
  4 black bears
  24 wolves
  9 boggarts
  15 centaurs
  2 phantoms
  5 kobold brigands
  2 komodo dragon zombies (Lair:3)
  Blork the orc (D:4)
  20 bullfrogs
  A gnoll sergeant (D:10)
  3 scorpions
  7 wights
  A troll zombie (D:10)
  7 killer bees
  8 electric eels
  2 howler monkeys (D:12)
  6 jellies
  7 crimson imps (D:6)
  3 bombardier beetles
  2 gnoll boudas
  33 orc priests
  3 sleepcaps
  3 hounds
  3 iguanas
  A hell rat (D:9)
  17 orc wizards
  6 ogre zombies (D:10)
  A boggart simulacrum (D:14)
  13 gnolls
  5 adders
  2 shadow imps (D:6)
  A white imp (D:7)
  5 ufetubi
  6 dart slugs
  4 ribbon worms
  69 orcs
  5 endoplasms
  2 giant cockroaches
  9 goblins
  9 hobgoblins
  8 jackals
  6 quokkas
  8 ball pythons
  3 bats
  3 frilled lizards
  A gnoll skeleton (D:10)
  4 gnoll zombies (D:10)
  31 kobolds
  2 orc skeletons (D:10)
  18 orc zombies (D:10)
  6 rats
  2 aspiring fleshes
  A spectral weapon (Vaults:5)
  4 tentacles (Shoals:1)
2160 creatures vanquished.

Vanquished Creatures (collateral kills)
  3 orbs of fire (Zot:5)
  An ancient lich (Zot:5)
  A Killer Klown (Zot:5)
  A doom hound (Zot:1)
  Zenata (Vaults:1)
  A tentacled monstrosity (Zot:5)
  2 Orb Guardians (Zot:5)
  A shadow dragon (Zot:5)
  A storm dragon (Zot:5)
  A purple draconian (Zot:5)
  A yaktaur captain (Vaults:1)
  A vault guard (Vaults:1)
  A catoblepas (Shoals:3)
  An ironbound convoker (Vaults:1)
  An orc priest (Vaults:2)
18 creatures vanquished.

Vanquished Creatures (others)
  A shadow dragon (Depths:4)
  Aizul (Shoals:1)
  A draconian annihilator (Depths:4)
  A deep elf knight (Elf:1)
  A naga ritualist (Snake:4)
  A manticore (Shoals:1)
  A salamander (Snake:1)
  A naga (Snake:3)
  An orc wizard (D:8)
  An ufetubus (D:7)
  39 spectral weapons
  7 tentacles
56 creatures vanquished.

Grand Total: 2234 creatures vanquished

Notes
Turn   | Place    | Note
-------+----------+-------------------------------------------
     0 | D:1      | whatisthis the Gnoll Reaver began the quest for the Orb.
     0 | D:1      | Reached XP level 1. HP: 20/20 MP: 6/6
   140 | D:1      | Reached XP level 2. HP: 22/26 MP: 7/7
   369 | D:1      | Reached skill level 5 in Spellcasting
   369 | D:1      | Reached XP level 3. HP: 23/31 MP: 7/9
   432 | D:1      | Found a faded altar of an unknown god.
   943 | D:2      | Reached skill level 1 in Invocations
  1049 | D:2      | Reached skill level 1 in Short Blades
  1049 | D:2      | Reached skill level 1 in Axes
  1049 | D:2      | Reached skill level 1 in Maces & Flails
  1049 | D:2      | Reached skill level 1 in Polearms
  1049 | D:2      | Reached skill level 1 in Staves
  1049 | D:2      | Reached skill level 1 in Ranged Weapons
  1049 | D:2      | Reached skill level 1 in Throwing
  1049 | D:2      | Reached skill level 1 in Armour
  1049 | D:2      | Reached skill level 1 in Stealth
  1049 | D:2      | Reached skill level 1 in Shields
  1049 | D:2      | Reached skill level 1 in Unarmed Combat
  1049 | D:2      | Reached skill level 1 in Evocations
  1314 | D:2      | Reached skill level 1 in Shapeshifting
  1314 | D:2      | Reached XP level 4. HP: 30/38 MP: 11/11
  1854 | D:3      | Identified the ring "Ipholl" {Ice rElec SInv Stlth+}
  1914 | D:3      | Reached skill level 1 in Hexes
  1914 | D:3      | Reached skill level 1 in Summonings
  1914 | D:3      | Reached skill level 1 in Necromancy
  1914 | D:3      | Reached skill level 1 in Translocations
  1914 | D:3      | Reached skill level 1 in Fire Magic
  1914 | D:3      | Reached skill level 1 in Ice Magic
  1914 | D:3      | Reached skill level 1 in Air Magic
  1914 | D:3      | Reached skill level 1 in Earth Magic
  1914 | D:3      | Reached skill level 1 in Alchemy
  1999 | D:3      | Reached XP level 5. HP: 6/39 MP: 10/12
  3477 | D:4      | Noticed Blork the orc
  3504 | D:4      | Learned a level 1 spell: Sting
  3528 | D:3      | Reached XP level 6. HP: 34/50 MP: 14/14
  3599 | D:4      | Killed Blork the orc
  3600 | D:4      | Reached skill level 5 in Fighting
  3600 | D:4      | Reached skill level 5 in Dodging
  3600 | D:4      | Reached skill level 2 in Shields
  3750 | D:4      | Noticed Menkaure
  4372 | D:4      | Reached XP level 7. HP: 56/56 MP: 15/15
  4378 | D:4      | Noticed Edmund
  4406 | D:4      | Killed Edmund
  4462 | D:4      | Learned a level 2 spell: Searing Ray
  4718 | D:4      | Noticed wildpjah's ghost (amateur DsGl)
  4721 | D:4      | Found a runed translucent door.
  4726 | D:4      | Noticed Dowan
  4726 | D:4      | Noticed Duvessa
  4728 | D:4      | Dowan changed into Dowan the bombardier beetle
  4728 | D:4      | Noticed Dowan
  4734 | D:4      | Duvessa changed into Duvessa the killer bee
  4734 | D:4      | Noticed Duvessa
  4743 | D:4      | Killed Duvessa the killer bee
  4752 | D:4      | Killed Dowan the bombardier beetle
  4989 | D:4      | Noticed Eustachio
  5167 | D:5      | Entered Level 5 of the Dungeon
  5321 | D:5      | Found Seulepal's Magic Scroll Shop.
  5336 | D:4      | Reached skill level 3 in Shields
  5336 | D:4      | Reached XP level 8. HP: 60/63 MP: 16/16
  6455 | D:6      | Found a staircase to the Ecumenical Temple.
  6474 | Temple   | Entered the Ecumenical Temple
  6495 | Temple   | Became a worshipper of Ashenzari the Shackled
  6938 | D:6      | Reached XP level 9. HP: 65/69 MP: 18/18
  7104 | D:6      | Reached skill level 4 in Shields
  7504 | D:7      | Found Maudin's Weapon Boutique.
  7564 | D:7      | Noticed a two-headed ogre
  7928 | D:7      | Reached skill level 5 in Invocations
  8091 | D:7      | Identified the +0 pair of gloves of the Arcane {Rampage
                  | Regen+ Str+3 Dex-2}
  8415 | D:7      | Killed a two-headed ogre
  8416 | D:7      | Reached skill level 5 in Short Blades
  8416 | D:7      | Reached skill level 5 in Axes
  8416 | D:7      | Reached skill level 5 in Maces & Flails
  8416 | D:7      | Reached skill level 5 in Polearms
  8416 | D:7      | Reached skill level 5 in Staves
  8416 | D:7      | Reached skill level 5 in Ranged Weapons
  8416 | D:7      | Reached skill level 5 in Throwing
  8416 | D:7      | Reached skill level 5 in Armour
  8416 | D:7      | Reached skill level 5 in Stealth
  8416 | D:7      | Reached skill level 5 in Shields
  8416 | D:7      | Reached skill level 5 in Unarmed Combat
  8416 | D:7      | Reached skill level 5 in Evocations
  8416 | D:7      | Reached XP level 10. HP: 35/77 MP: 18/20
  9247 | D:9      | Reached skill level 5 in Shapeshifting
  9341 | D:9      | Found a blossoming altar of Fedhas.
  9342 | D:9      | Found a basalt altar of Yredelemnul.
  9380 | D:9      | Noticed a two-headed ogre
  9394 | D:9      | Noticed a two-headed ogre
  9398 | D:9      | Killed a two-headed ogre
  9475 | D:9      | Reached * piety under Ashenzari
  9513 | D:9      | Reached skill level 6 in Shields
  9523 | D:9      | Found a staircase to the Lair.
  9620 | D:9      | Reached skill level 5 in Hexes
  9620 | D:9      | Reached skill level 5 in Summonings
  9620 | D:9      | Reached skill level 5 in Necromancy
  9620 | D:9      | Reached skill level 5 in Translocations
  9620 | D:9      | Reached skill level 5 in Fire Magic
  9620 | D:9      | Reached skill level 5 in Ice Magic
  9620 | D:9      | Reached skill level 5 in Air Magic
  9620 | D:9      | Reached skill level 5 in Earth Magic
  9620 | D:9      | Reached skill level 5 in Alchemy
  9620 | D:9      | Reached XP level 11. HP: 74/87 MP: 23/23
 10009 | D:9      | Found Sofrifie's Book Shop.
 10161 | D:10     | Entered Level 10 of the Dungeon
 10161 | D:10     | Noticed a cyclops
 10180 | D:9      | Killed a two-headed ogre
 10201 | Lair:1   | Entered Level 1 of the Lair of Beasts
 10295 | D:10     | Noticed a two-headed ogre
 10330 | D:9      | Killed a two-headed ogre
 10856 | D:9      | Killed a cyclops
 10910 | D:10     | Found a staircase to the Orcish Mines.
 11080 | D:9      | Learned a level 2 spell: Ensorcelled Hibernation
 11084 | D:9      | Learned a level 3 spell: Frozen Ramparts
 11134 | D:10     | Noticed Joseph
 11143 | D:10     | Noticed Urug
 11177 | D:10     | Killed Urug
 11178 | D:10     | Killed Joseph
 11324 | D:10     | Reached skill level 7 in Shields
 11490 | D:10     | Reached XP level 12. HP: 81/95 MP: 25/25
 12012 | Lair:1   | Reached skill level 10 in Long Blades
 12216 | Lair:1   | Reached ** piety under Ashenzari
 13040 | Lair:2   | Reached skill level 8 in Shields
 13141 | Lair:2   | Noticed a six-headed hydra
 13150 | Lair:2   | Killed a one-headed hydra
 13158 | Lair:2   | Reached XP level 13. HP: 106/106 MP: 28/28
 13719 | Lair:3   | Found a stormy altar of Qazlal.
 13908 | Lair:3   | Found a staircase to the Shoals.
 13908 | Lair:3   | Identified the +5 scale mail of the Horehound {rC+ Str+2
                  | Stlth+}
 14092 | Lair:3   | Reached skill level 10 in Spellcasting
 14572 | Lair:3   | Found a staircase to the Snake Pit.
 14764 | Lair:4   | Identified a scroll of acquirement
 14776 | Lair:4   | Acquired the ring "Miliuguw" {AC+4 Int+3 Dex+3}
 14877 | Lair:4   | Found a viscous altar of Jiyva.
 14915 | Lair:4   | Reached skill level 10 in Fighting
 14915 | Lair:4   | Reached skill level 10 in Dodging
 15119 | Lair:4   | Reached skill level 9 in Shields
 15647 | Lair:4   | Found a staircase to the Slime Pits.
 15732 | Lair:5   | Entered Level 5 of the Lair of Beasts
 15809 | Lair:5   | Reached XP level 14. HP: 88/114 MP: 30/30
 15815 | Lair:5   | Reached skill level 10 in Invocations
 16558 | Lair:4   | Learned a level 5 spell: Fireball
 17591 | Lair:5   | Reached skill level 10 in Conjurations
 17683 | Lair:5   | Reached skill level 10 in Short Blades
 17683 | Lair:5   | Reached skill level 10 in Axes
 17683 | Lair:5   | Reached skill level 10 in Maces & Flails
 17683 | Lair:5   | Reached skill level 10 in Polearms
 17683 | Lair:5   | Reached skill level 10 in Staves
 17683 | Lair:5   | Reached skill level 10 in Ranged Weapons
 17683 | Lair:5   | Reached skill level 10 in Throwing
 17683 | Lair:5   | Reached skill level 10 in Armour
 17683 | Lair:5   | Reached skill level 10 in Stealth
 17683 | Lair:5   | Reached skill level 10 in Shields
 17683 | Lair:5   | Reached skill level 10 in Unarmed Combat
 17683 | Lair:5   | Reached skill level 10 in Evocations
 17868 | Lair:5   | Reached XP level 15. HP: 122/122 MP: 8/31
 18799 | D:12     | Found a gate leading to a gauntlet.
 18834 | Gauntlet | Entered a Gauntlet
 18834 | Gauntlet | Found a transporter.
 18834 | Gauntlet | Found a transporter.
 18834 | Gauntlet | Found a runed translucent gate.
 18834 | Gauntlet | Found a runed translucent gate.
 18834 | Gauntlet | Found a runed translucent gate.
 18842 | Gauntlet | Found a transporter.
 18846 | Gauntlet | Found a transporter.
 18854 | Gauntlet | Found a transporter.
 18858 | Gauntlet | Found a transporter.
 18866 | Gauntlet | Found a transporter.
 18866 | Gauntlet | Identified the ring of the Kodama {Str+6 Dex+3}
 18866 | Gauntlet | Noticed a balrug
 18883 | Gauntlet | Found a transporter.
 18897 | Gauntlet | Found a transporter.
 18901 | Gauntlet | Found a transporter.
 18901 | Gauntlet | Identified the amulet "Arghux" {Reflect +Blink rF++ rC+
                  | SH+5 Stlth-}
 18909 | Gauntlet | Found a transporter.
 18913 | Gauntlet | Found a transporter.
 19083 | Gauntlet | Killed a balrug
 19156 | Gauntlet | Identified Tunusot's Folio of the Non-Euclidean Jinx
 19232 | D:12     | Found a frozen archway.
 19241 | IceCv    | Entered an ice cave
 19700 | IceCv    | Identified the +2 hand axe of Plog {vamp, rN++ Int-3 Dex+3}
 21189 | D:13     | Found a gate to the Vaults.
 21416 | D:13     | Identified the +4 whip "Keoc" {drain, Int+4}
 21449 | D:13     | Found a runed translucent door.
 21455 | D:13     | Noticed Xochamen's ghost (journeyman DjIE)
 21526 | D:13     | Found the Charlatan's Orb {orb Evoboost}
 21540 | D:13     | Reached skill level 10 in Shapeshifting
 21641 | D:13     | Reached XP level 16. HP: 122/131 MP: 33/33
 21962 | D:13     | Reached skill level 11 in Shields
 21990 | D:13     | Identified the +0 chain mail of Veler Unn {rF+}
 22011 | D:13     | Identified the +0 chain mail "Icasop" {rElec Will++}
 22207 | D:13     | Learned a level 3 spell: Stone Arrow
 22994 | D:15     | Entered Level 15 of the Dungeon
 23434 | D:15     | Found a staircase to the Depths.
 23766 | D:15     | Found a portal to a secret trove of treasure.
 24165 | Orc:1    | Entered Level 1 of the Orcish Mines
 24332 | Orc:1    | Found a runed translucent door.
 24332 | Orc:1    | Found a shimmering altar of Xom.
 24332 | Orc:1    | Noticed ragingrage's ghost (journeyman DsRe)
 24434 | Orc:2    | Entered Level 2 of the Orcish Mines
 24452 | Orc:2    | Noticed Snorg
 24483 | Orc:1    | Killed Snorg
 24516 | Orc:1    | Found Parheune's Assorted Antiques.
 24850 | Orc:2    | Found a staircase to the Elven Halls.
 24887 | Orc:2    | Found Zuge's CLEARANCE SALE!.
 26305 | Orc:2    | Found Irhuwe's General Store.
 26308 | Orc:2    | Found Robbaats's Weapon Shoppe.
 26309 | Orc:2    | Found Ujopunk's Magic Scroll Emporium.
 26310 | Orc:2    | Found Aliqea's Book Emporium.
 26319 | Orc:2    | Bought a scroll of fog for 68 gold pieces
 26319 | Orc:2    | Bought a scroll of blinking for 127 gold pieces
 26322 | Orc:2    | Bought 2 potions of curing for 84 gold pieces
 26322 | Orc:2    | Bought 2 potions of lignification for 84 gold pieces
 26322 | Orc:2    | Bought a scroll of teleportation for 42 gold pieces
 26376 | Orc:2    | Bought a potion of curing for 18 gold pieces
 26376 | Orc:2    | Bought a scroll of teleportation for 18 gold pieces
 26545 | Orc:1    | Bought a potion of brilliance for 128 gold pieces
 26545 | Orc:1    | Bought a pink potion for 28 gold pieces
 26545 | Orc:1    | Bought a potion of curing for 96 gold pieces
 26545 | Orc:1    | Bought a potion of curing for 96 gold pieces
 26626 | D:9      | Bought a Trismegistus Codex for 308 gold pieces
 26768 | D:5      | Bought 2 scrolls of summoning for 209 gold pieces
 26768 | D:5      | Bought a scroll of fog for 44 gold pieces
 26768 | D:5      | Bought a scroll of fear for 44 gold pieces
 26768 | D:5      | Bought a scroll of teleportation for 33 gold pieces
 26768 | D:5      | Bought a scroll of fear for 44 gold pieces
 26774 | D:5      | Learned a level 5 spell: Freezing Cloud
 27090 | Snake:1  | Entered Level 1 of the Snake Pit
 27306 | Snake:1  | Reached XP level 17. HP: 91/137 MP: 15/34
 27558 | Snake:1  | Reached skill level 10 in Hexes
 27558 | Snake:1  | Reached skill level 10 in Summonings
 27558 | Snake:1  | Reached skill level 10 in Necromancy
 27558 | Snake:1  | Reached skill level 10 in Translocations
 27558 | Snake:1  | Reached skill level 10 in Fire Magic
 27558 | Snake:1  | Reached skill level 10 in Ice Magic
 27558 | Snake:1  | Reached skill level 10 in Air Magic
 27558 | Snake:1  | Reached skill level 10 in Earth Magic
 27558 | Snake:1  | Reached skill level 10 in Alchemy
 27675 | Snake:1  | Identified the +7 orcbow "Radd" {heavy, Str+3 Int+3}
 28115 | Snake:1  | Reached skill level 12 in Shields
 28539 | Orc:2    | Bought a scroll of enchant armour for 127 gold pieces
 28539 | Orc:2    | Bought a scroll of enchant weapon for 127 gold pieces
 28539 | Orc:2    | Bought a scroll of enchant armour for 127 gold pieces
 28539 | Orc:2    | Bought a scroll of enchant weapon for 127 gold pieces
 28855 | D:15     | You paid a toll of a +5 demon whip to enter a treasure
                  | trove
 28856 | Trove    | Entered a treasure trove
 28859 | Trove    | Found the +9 scales of the Dragon King {rPois rF+ rC+
                  | Will+}
 28860 | Trove    | Identified the +0 pair of gloves "Ate Daikk" {+Inv rElec
                  | rPois Dex-5}
 28887 | Trove    | Identified the +7 executioner's axe of Musevoir {holy, Fly
                  | rF+++ Int-2 Stlth-}
 28887 | Trove    | Identified the Commentary on Phantasms and Combat Magic
 30160 | Snake:2  | Identified the +6 shortbow of Dung {drain, rF- rC+ rN++
                  | rCorr}
 30251 | Snake:2  | Found Duezeolo's Antique Armour Shoppe.
 30253 | Snake:2  | Found Ihykunugh's Armour Emporium.
 30255 | Snake:2  | Found Bushruunt's Weapon Shoppe.
 30842 | Snake:2  | Noticed Jorgrun
 31044 | Snake:2  | Killed Jorgrun
 31056 | Snake:2  | Noticed Vashnia
 31074 | Snake:2  | Killed Vashnia
 31478 | Snake:3  | Found Kiawouph's Magic Scroll Shoppe.
 31804 | Snake:3  | Found a blossoming altar of Fedhas.
 31876 | Snake:3  | Noticed Asterion
 32233 | Snake:3  | Killed Asterion
 32251 | Snake:3  | Noticed Louise
 32404 | Snake:3  | Killed Louise
 32557 | Snake:3  | Reached XP level 18. HP: 147/147 MP: 27/36
 33654 | Snake:4  | Entered Level 4 of the Snake Pit
 34421 | Snake:4  | Noticed Mara
 34461 | Snake:4  | Noticed whatisthis's illusion
 34475 | Snake:4  | Killed Mara
 35391 | Snake:4  | Reached skill level 13 in Shields
 36113 | Snake:4  | Found an iron altar of Okawaru.
 36137 | Snake:4  | Got a serpentine rune of Zot
 36877 | Orc:1    | Bought a distressingly furry scale mail for 288 gold pieces
 36877 | Orc:1    | Identified the +0 scale mail of the Cartwright {-Tele rPois
                  | rC+ Int+4} (You bought it in a shop on level 1 of the
                  | Orcish Mines)
 37017 | Shoals:1 | Entered Level 1 of the Shoals
 37232 | Shoals:1 | Reached XP level 19. HP: 132/153 MP: 17/37
 37510 | Shoals:1 | Identified the serpent talisman of the Endless Expanse {rF-
                  | Int+5 SInv}
 37510 | Shoals:1 | Noticed Aizul
 37520 | Shoals:1 | Killed Aizul
 37713 | Shoals:1 | Identified the +8 tower shield of Light {rC+ rN+ Slay+3}
 37883 | Shoals:1 | Noticed Roxanne
 38420 | Shoals:2 | Reached skill level 14 in Shields
 38503 | Shoals:2 | Identified the +3 longbow of the Lesser Evil {flame, rCorr
                  | Int+2 Dex-2}
 39009 | Shoals:3 | Found Tizxuheo's Overcharged Wands.
 39027 | Shoals:3 | Noticed Ilsuiw
 39048 | Shoals:3 | Killed Ilsuiw
 39100 | Shoals:3 | Reached skill level 15 in Long Blades
 39866 | Shoals:4 | Entered Level 4 of the Shoals
 40086 | Shoals:4 | Noticed Polyphemus
 40191 | Shoals:4 | Reached skill level 15 in Invocations
 40247 | Shoals:4 | Killed Polyphemus
 40769 | Shoals:4 | Reached XP level 20. HP: 152/165 MP: 21/40
 40806 | Shoals:4 | Got a barnacled rune of Zot
 41231 | Elf:1    | Entered Level 1 of the Elven Halls
 41244 | Elf:1    | Reached skill level 15 in Shields
 41628 | Elf:1    | Reached *** piety under Ashenzari
 41659 | Elf:1    | Noticed Donald
 41667 | Elf:1    | Killed Donald
 42198 | Elf:1    | Reached skill level 15 in Spellcasting
 42753 | Elf:2    | Found a shimmering blue altar of Sif Muna.
 42854 | Elf:2    | Reached skill level 15 in Fighting
 42854 | Elf:2    | Reached skill level 15 in Dodging
 43030 | Elf:2    | Found a runed translucent gate.
 43031 | Elf:2    | Found a runed translucent gate.
 43031 | Elf:2    | Found a runed translucent gate.
 43113 | Elf:2    | Found a magical portal.
 43221 | Elf:2    | Found a huge runed translucent gate.
 43221 | Elf:2    | Found a huge runed translucent gate.
 43221 | Elf:2    | Found a huge runed translucent gate.
 43221 | Elf:2    | Found a huge runed translucent gate.
 43222 | Elf:2    | Found a huge runed translucent gate.
 43222 | Elf:2    | Found a huge runed translucent gate.
 43223 | Elf:2    | Found a huge runed translucent gate.
 43229 | Elf:2    | Found a huge runed translucent gate.
 43230 | Elf:2    | Found a huge runed translucent gate.
 43231 | Elf:2    | Found a huge runed translucent gate.
 43231 | Elf:2    | Found a huge runed translucent gate.
 43232 | Elf:2    | Found a huge runed translucent gate.
 43233 | Elf:2    | Found a huge runed translucent gate.
 43233 | Elf:2    | Found a huge runed translucent gate.
 43234 | Elf:2    | Found a huge runed translucent gate.
 43234 | Elf:2    | Found a huge runed translucent gate.
 43234 | Elf:2    | Found a huge runed translucent gate.
 43248 | Elf:2    | Found a huge runed translucent gate.
 43304 | Elf:2    | Paralysed by an orc sorcerer for 4 turns
 43318 | Elf:2    | Found a huge runed translucent gate.
 43319 | Elf:2    | Found a huge runed translucent gate.
 43319 | Elf:2    | Found a huge runed translucent gate.
 43319 | Elf:2    | Found a huge runed translucent gate.
 43438 | Elf:2    | Found a huge runed translucent gate.
 43439 | Elf:2    | Found a huge runed translucent gate.
 43440 | Elf:2    | Found a huge runed translucent gate.
 43440 | Elf:2    | Found a huge runed translucent gate.
 43445 | Elf:2    | Found a huge runed translucent gate.
 43446 | Elf:2    | Found a huge runed translucent gate.
 43446 | Elf:2    | Found a huge runed translucent gate.
 43446 | Elf:2    | Found a huge runed translucent gate.
 43446 | Elf:2    | Found a huge runed translucent gate.
 43448 | Elf:2    | Found a huge runed translucent gate.
 43449 | Elf:2    | Found a huge runed translucent gate.
 43450 | Elf:2    | Found a huge runed translucent gate.
 43450 | Elf:2    | Found a huge runed translucent gate.
 43456 | Elf:2    | Found a huge runed translucent gate.
 43854 | Vaults:1 | Entered Level 1 of the Vaults
 44480 | Vaults:1 | Reached skill level 16 in Shields
 44528 | Vaults:1 | Noticed Zenata
 44534 | Vaults:1 | Killed Zenata
 44545 | Vaults:1 | Reached XP level 21. HP: 174/174 MP: 25/42
 44677 | Vaults:1 | Identified the death talisman of the Comet {rF+}
 46141 | Vaults:2 | Noticed Saint Roka
 46151 | Vaults:2 | Killed Saint Roka
 46420 | Vaults:2 | Reached skill level 15 in Short Blades
 46420 | Vaults:2 | Reached skill level 15 in Axes
 46420 | Vaults:2 | Reached skill level 15 in Maces & Flails
 46420 | Vaults:2 | Reached skill level 15 in Polearms
 46420 | Vaults:2 | Reached skill level 15 in Staves
 46420 | Vaults:2 | Reached skill level 15 in Ranged Weapons
 46420 | Vaults:2 | Reached skill level 15 in Throwing
 46420 | Vaults:2 | Reached skill level 15 in Armour
 46420 | Vaults:2 | Reached skill level 15 in Stealth
 46420 | Vaults:2 | Reached skill level 15 in Unarmed Combat
 46420 | Vaults:2 | Reached skill level 15 in Evocations
 46761 | Vaults:2 | Learned a level 4 spell: Cause Fear
 46768 | Vaults:2 | Learned a level 6 spell: Bombard
 46918 | Vaults:2 | Reached skill level 17 in Shields
 47361 | Vaults:2 | Found a staircase to the Crypt.
 47439 | Vaults:2 | Noticed Sojobo
 47456 | Vaults:2 | Killed Sojobo
 47913 | Vaults:3 | Found Vusobomy's Distillery.
 47920 | Vaults:3 | Bought a potion of heal wounds for 90 gold pieces
 47920 | Vaults:3 | Bought 2 potions of curing for 108 gold pieces
 47920 | Vaults:3 | Bought a potion of heal wounds for 90 gold pieces
 47920 | Vaults:3 | Bought a potion of curing for 54 gold pieces
 47920 | Vaults:3 | Bought a potion of enlightenment for 90 gold pieces
 47920 | Vaults:3 | Bought a potion of curing for 54 gold pieces
 48156 | Vaults:3 | Reached XP level 22. HP: 184/184 MP: 40/44
 48305 | Vaults:3 | Found Limemyics's Jewellery Shoppe.
 48523 | Vaults:3 | Found Taptaph's Weapon Shop.
 48577 | Vaults:3 | Identified the orb of the End {*channel, rPois Str-4 SInv}
 48577 | Vaults:3 | Noticed Frederick
 48943 | Vaults:3 | Found Kuygicac's Armour Shoppe.
 49124 | Vaults:3 | Found Soibbair's General Store.
 49440 | Vaults:4 | Learned a level 6 spell: Starburst
 49757 | Vaults:4 | Identified the +9 hand axe "No More Talking" {drain, Int+3
                  | Dex+2}
 50188 | Vaults:4 | Reached skill level 18 in Shields
 50547 | Depths:1 | Entered Level 1 of the Depths
 50613 | Depths:1 | Found a sacrificial altar of Ru.
 50661 | Depths:1 | Found a gateway to Hell.
 51264 | Depths:1 | Found a one-way gateway to a ziggurat.
 51912 | Depths:2 | You fall into a shaft and drop 2 floors!
 51912 | Depths:4 | Entered Level 4 of the Depths
 52075 | Depths:4 | Reached XP level 23. HP: 192/192 MP: 30/45
 52419 | Depths:3 | Identified the ring of Patience {Ice Will- Int+4 Dex+4}
 52419 | Depths:3 | Noticed Josephina
 52618 | Depths:2 | Found a transporter.
 52621 | Depths:2 | Found a radiant altar of Vehumet.
 53272 | Depths:3 | Identified the +4 rapier of the Arena {vamp, rElec rPois
                  | rC- Str-3}
 53282 | Depths:3 | Killed Josephina
 53528 | Depths:3 | Found a one-way gate to the infinite horrors of the Abyss.
 53544 | Depths:3 | Noticed a golden dragon
 53558 | Depths:3 | Killed a golden dragon
 53620 | Depths:3 | Reached skill level 15 in Shapeshifting
 53903 | Depths:3 | Identified the +0 rapier "Esysch" {elec, Dex+4}
 53932 | Depths:3 | Reached skill level 19 in Shields
 54326 | Depths:3 | Noticed Xtahua
 54994 | Depths:2 | Reached skill level 15 in Conjurations
 55314 | Depths:2 | Found a one-way gate leading to the halls of Pandemonium.
 55465 | Depths:2 | Reached XP level 24. HP: 201/201 MP: 31/46
 55783 | Depths:2 | Found an iron altar of Okawaru.
 56496 | Depths:4 | Found Ylikk's Antique Armour Shop.
 57135 | Depths:4 | Found a gate to the Realm of Zot.
 57371 | Depths:4 | Bought the -2 hat of the Alchemist {rElec rPois rF+ rC+ rN+
                  | Will+ rMut rCorr} for 896 gold pieces
 57371 | Depths:4 | Found the -2 hat of the Alchemist {rElec rPois rF+ rC+ rN+
                  | Will+ rMut rCorr}
 57745 | Vaults:5 | Entered Level 5 of the Vaults
 57994 | Vaults:5 | Identified the +7 plate armour of Cloud Cover {Dex+3}
 57994 | Vaults:5 | Identified Eruraa's Handbook of the Four Souls
 57996 | Vaults:5 | Found Divezas's Antique Weapon Shop.
 58015 | Vaults:5 | Reached skill level 20 in Shields
 58367 | Vaults:5 | Identified the +1 leather armour "Caumn" {rC+ Stlth+}
 58398 | Vaults:5 | Identified the +2 quarterstaff "Mud Pie of Death" {flame,
                  | rC- Str-2 Int+6 SInv}
 58551 | Vaults:5 | Noticed an ancient lich
 58617 | Vaults:5 | Killed an ancient lich
 58995 | Vaults:5 | Identified the +7 hand axe of the Invisible Artisans
                  | {venom, Stlth+}
 59001 | Vaults:5 | Identified the amulet of Lyzalub {Spirit Str+4}
 59093 | Vaults:5 | Got a silver rune of Zot
 59219 | Vaults:5 | Identified the +1 robe of the Mind {rPois rF++ Int+3
                  | Stlth-}
 59306 | Vaults:5 | Reached XP level 25. HP: 208/208 MP: 46/46
 59392 | Vaults:5 | Learned a level 6 spell: Dispersal
 59538 | Vaults:5 | Identified the +3 spear of Conscience {antimagic, *Slow
                  | ^Fragile +Blink rCorr}
 59601 | Vaults:5 | Identified the +8 dagger "Worm" {venom, Dex+5}
 59951 | Vaults:5 | Noticed Bai Suzhen
 60468 | Snake:3  | Bought a scroll of blinking for 112 gold pieces
 60468 | Snake:3  | Bought a scroll of teleportation for 45 gold pieces
 60468 | Snake:3  | Bought a scroll of teleportation for 45 gold pieces
 60468 | Snake:3  | Bought a scroll of teleportation for 45 gold pieces
 60468 | Snake:3  | Bought a scroll of fog for 60 gold pieces
 60851 | D:14     | Identified the ring "Jiemicoi" {rF+ rC+ Will+ Int+6 Dex-4}
 60852 | D:14     | Identified the ring "Hero's Friend" {Ice rElec rPois
                  | Slay+3}
 60856 | D:14     | Identified the amulet of Pivir {Faith -Cast rPois rC+ SInv}
 60877 | D:14     | Found a runed translucent door.
 60881 | D:14     | Identified the ring "Nuddany" {rF- rN+ Slay+3 Stlth+}
 60933 | D:14     | Found a runed translucent door.
 60935 | D:14     | Found a runed translucent door.
 61076 | D:13     | Killed Xochamen's ghost
 61234 | D:8      | Learned a level 7 spell: Orb of Destruction
 61539 | Zot:1    | Entered Level 1 of the Realm of Zot
 61912 | Zot:1    | Noticed Grunn
 61940 | Zot:1    | Reached skill level 21 in Shields
 61975 | Zot:1    | Killed Grunn
 62169 | Zot:1    | Reached skill level 15 in Hexes
 62169 | Zot:1    | Reached skill level 15 in Summonings
 62169 | Zot:1    | Reached skill level 15 in Necromancy
 62169 | Zot:1    | Reached skill level 15 in Translocations
 62169 | Zot:1    | Reached skill level 15 in Fire Magic
 62169 | Zot:1    | Reached skill level 15 in Ice Magic
 62169 | Zot:1    | Reached skill level 15 in Air Magic
 62169 | Zot:1    | Reached skill level 15 in Earth Magic
 62169 | Zot:1    | Reached skill level 15 in Alchemy
 63030 | Zot:2    | Found a transporter.
 63032 | Zot:2    | Identified the +0 scale mail of Syndicalism {Rampage rF++
                  | Regen+ Int-2}
 63032 | Zot:2    | Identified the +9 battleaxe of Devotion {vamp, rCorr
                  | Stlth+}
 63033 | Zot:2    | Noticed a shard shrike
 63033 | Zot:2    | Noticed Jemaz's ghost (veteran MfBe)
 63033 | Zot:2    | Identified the ring of Wochog {Fly rElec}
 63034 | Zot:2    | Noticed a shard shrike
 63036 | Zot:2    | Noticed a shard shrike
 63318 | Zot:2    | Found a transporter.
 63946 | Zot:3    | Reached XP level 26. HP: 215/222 MP: 48/48
 65348 | Zot:5    | Entered Level 5 of the Realm of Zot
 65939 | Zot:5    | Reached skill level 22 in Shields
 66159 | Zot:5    | Noticed a dread lich
 66166 | Zot:5    | Killed a dread lich
 66205 | Zot:5    | Noticed an orb of fire
 66282 | Zot:5    | Noticed an orb of fire
 66348 | Zot:5    | Noticed a Killer Klown
 66359 | Zot:5    | Killed an orb of fire
 66362 | Zot:5    | Killed a Killer Klown
 66435 | Zot:5    | Gained mutation: You sometimes lose your temper in combat.
                  | [an orb of fire]
 66437 | Zot:5    | Killed an orb of fire
 66437 | Zot:5    | Noticed an orb of fire
 66442 | Zot:5    | Noticed an orb of fire
 66456 | Zot:5    | Killed an orb of fire
 66470 | Zot:5    | Killed an orb of fire
 66657 | Zot:5    | Noticed an orb of fire
 66671 | Zot:5    | Killed an orb of fire
 66673 | Zot:5    | Noticed an orb of fire
 66675 | Zot:5    | Noticed a Killer Klown
 66682 | Zot:5    | Killed an orb of fire
 66713 | Zot:5    | Killed a Killer Klown
 66867 | Zot:5    | Noticed an ancient lich
 66878 | Zot:5    | Killed an ancient lich
 66922 | Zot:5    | Noticed an orb of fire
 66941 | Zot:5    | Killed an orb of fire
 67153 | Zot:5    | Reached XP level 27. HP: 226/231 MP: 48/48
 67272 | Zot:5    | Noticed an orb of fire
 67279 | Zot:5    | Noticed an orb of fire
 67280 | Zot:5    | Noticed an orb of fire
 67281 | Zot:5    | Noticed an ancient lich
 67284 | Zot:5    | Noticed an orb of fire
 67288 | Zot:5    | Killed an orb of fire
 67291 | Zot:5    | Killed an orb of fire
 67292 | Zot:5    | Killed an orb of fire
 67297 | Zot:5    | Noticed an orb of fire
 67298 | Zot:5    | Noticed an orb of fire
 67310 | Zot:5    | Killed an orb of fire
 67318 | Zot:5    | Killed an orb of fire
 67333 | Zot:5    | Killed an orb of fire
 67350 | Zot:5    | Killed an ancient lich
 67351 | Zot:5    | Reached skill level 23 in Shields
 67491 | Zot:5    | Got the Orb of Zot
 67590 | Zot:2    | Noticed Vengoc the pandemonium lord
 67855 | D:13     | Noticed Noocuev the pandemonium lord
 68155 | D:$      | Escaped with the Orb!

Illustrated notes

Levels and vault maps discovered:
D:1:      moated_graveyard_arrival, layout_loops_ring,
          shapermc_ecumenical_altar_flowoftime
D:2:      minmay_razor_zed, layout_basic, kennysheep_cluttered_room
D:3:      layout_basic, grunt_ministairs_3, chequers_big_river
D:4:      layout_loops_corners, hellmonk_ghost_happy_afterlife,
          uniq_blork_the_orc, uniq_menkaure, uniq_duvessa, uniq_eustachio,
          uniq_crazy_yiuf_cottage, uniq_edmund
D:5:      layout_rooms, serial_shops, shop, grunt_ministairs_12
D:6:      layout_basic, minmay_temple_entry_hall, minmay_nine_imps
D:7:      layout_rooms, nicolae_stop_n_shop_1, nicolae_zen_rock_garden
D:8:      layout_loops_ring, minmay_unpleasant_kobolds
D:9:      layout_grid_maze, gammafunk_temple_overflow_pools, dpeg_lair_monsters,
          serial_ice, serial_ice_a, serial_ice_j, serial_ice_e, serial_ice_f,
          serial_ice_c, serial_ice_h, serial_shops, kennysheep_mini_moat,
          minmay_strange_pillars
D:10:     layout_long_grid, zombieorc2_lemuel,
          minmay_fractal_squares_diagonal_5, uniq_urug, uniq_joseph
D:11:     layout_rooms
D:12:     layout_long_grid, gauntlet_entry_generic,
          portal_ice_cave_entry_pillars_1
D:13:     kennysheep_blocky_room, layout_long_grid, david_vaults_2,
          hellmonk_ghost_big_iron, minmay_diamond_spiral
D:14:     minmay_the_grid_triangle_9x9_recursive_3_mashed
          [minmay_the_grid_triangle_9x9_zippers_vertical,
          minmay_the_grid_triangle_9x9_pentomino_pain,
          minmay_the_grid_triangle_9x9_subtriangle,
          minmay_the_grid_triangle_9x9_prize_special,
          minmay_the_grid_triangle_9x9_wacky_v,
          minmay_the_grid_triangle_9x9_stretched_checkered,
          minmay_the_grid_triangle_9x9_skeleton,
          minmay_the_grid_triangle_9x9_descending_squares,
          minmay_the_grid_triangle_9x9_tough_junction], layout_irregular_city,
          nicolae_titane
D:15:     hellmonk_depths_entry_around_the_bend, layout_irregular_city,
          trove_entry_hex_spiral, minmay_misc_feat_nine_boxes
Temple:   nicolae_temple_slightly_damp_pantheon
Lair:1:   layout_cave_pods, st_stairs_4
Lair:2:   layout_regular_city, gammafunk_lair_bear_cave
Lair:3:   pond_and_an_island_with_a_cottage, layout_regular_city,
          elwin_shoals_entry_stream, nicolae_snake_entry_squirm,
          serial_bayou_lagoon_a, st_stairs_7,
          eino_small_chamber_without_monster, lemuel_oklob_altar
Lair:4:   minmay_lair_oklob_chamber, layout_regular_city,
          nicolae_slime_entry_field_trip, st_stairs_13, grunt_megastairs_2,
          infiniplex_staircase_pool_2
Lair:5:   minmay_lair_end_frog_pond, layout_regular_city
Shoals:1: layout_shoals, nicolae_shoals_mertower, uniq_roxanne, uniq_aizul
Shoals:2: argonaut_golden_fleece, layout_shoals, nicolae_shoals_enchanted_isle
Shoals:3: nzn_motion_control, layout_shoals, nicolae_shop_overcharged_wands,
          uniq_ilsuiw
Shoals:4: shoals_end_grunt_ice, layout_shoals, uniq_polyphemus
Snake:1:  nicolae_snake_shooting_gallery, layout_rooms
Snake:2:  layout_cave_town, nicolae_zig_zag_zippers, minmay_shop_star,
          uniq_vashnia, uniq_jorgrun
Snake:3:  layout_layer_cave, basic_altar, serial_shops, shop, lemuel_fruit_tree,
          grunt_megastairs_3, uniq_louise, uniq_asterion
Snake:4:  grunt_snake_rune_serpentine_throne, layout_cave_town,
          serial_bayou_shore_b, serial_bayou_shore_b, uniq_mara
Orc:1:    layout_caves, serial_shops, shop, ebering_ghost_xom
Orc:2:    st_orc_pillars, layout_caves, nicolae_shop_clearance, uniq_snorg
Elf:1:    eino_elf_arrival_shootout, layout_onion_city,
          regret_index_elf_centigrade, uniq_donald
Elf:2:    nicolae_elf_blades_crystal_corner, layout_loops_cross,
          mu_enter_wizlab_3, st_stairs_5, not_door_vault_mu,
          hellmonk_sif_muna_bookshelves
Vaults:1: hangedman_vaults_stitches, vaults_dpeg_emergency_exit,
          ontoclasm_vaults_gallery, vaults_room_large_hall,
          nicolae_vaults_more_shelving_2, nicolae_vaults_tangram_2,
          nicolae_vaults_house_1, grunt_vaults_twisty, hangedman_vaults_impose,
          nicolae_vaults_alarming, layout_vaults_big_room, uniq_zenata
Vaults:2: minmay_crypt_entry_nasty_monster, nicolae_vaults_network_square,
          ontoclasm_vaults_chip, nicolae_vaults_specimen_jars,
          nicolae_vaults_offset_grid_hallway_3, nicolae_vaults_trapezoid_2,
          hangedman_vaults_cutoff, nicolae_vaults_ellipses_ellipsis,
          nicolae_vaults_cochlea, ontoclasm_vaults_ring_small,
          ontoclasm_vaults_bender, dpeg_vaults_waves,
          nicolae_vaults_mini_display_case, layout_vaults_omnibox,
          uniq_saint_roka, uniq_sojobo
Vaults:3: vaults_mumra_minichess, nicolae_vaults_door_testing_chamber,
          ontoclasm_vaults_fault, ontoclasm_vaults_ring_small,
          nicolae_vaults_tetromino_T_1, hangedman_vaults_hat, st_cells,
          nicolae_vaults_big_ls, v_pattern_3,
          nicolae_vaults_trapezoid_lopsided_3, v_misc_8, layout_vaults_ring,
          serial_shops, nicolae_diamond_shop, shop, nicolae_shop_trees,
          nicolae_shop_waterfront, nicolae_shop_advertising_works
          [nicolae_subvault_shop_adworks], uniq_frederick, uniq_mennas
Vaults:4: nicolae_vaults_storage_closets_1, v_rooms_1,
          nicolae_vaults_network_quinsquares
          [nicolae_vaults_network_quincunx_subvault,
          nicolae_vaults_network_quincunx_subvault,
          nicolae_vaults_network_quincunx_subvault,
          nicolae_vaults_network_quincunx_subvault], v_rooms_6,
          nicolae_vaults_layer_cake_slice, hangedman_vaults_stagger,
          nicolae_vaults_storage_closets_2, nicolae_vaults_double_plus_1,
          layout_vaults_maze_snakey
Vaults:5: uniq_bai_suzhen
Depths:1: layout_basic, enter_ziggurat_b, hell_entry,
          nicolae_ru_sacrificial_ziggurat, hellmonk_scarab_ruin
Depths:2: gammafunk_sealed_library, layout_cave_pools, hell_entry,
          regret_index_abyss_entry_earlier_magic, rand_demon_pan_entry_3,
          hellmonk_okawaru_the_only_friend_you_need, minmay_staircase_bubble
Depths:3: minmay_complete_graph, layout_twisted_cross, hell_entry,
          amcnicky_mini_rare_corridor_liquid,
          regret_index_abyss_entry_already_here, uniq_xtahua, uniq_josephina
Depths:4: grunt_zot_entry_gee_three, layout_gridlike, lightli_too_deep,
          chequers_serial_rivers_room_b, serial_shops, shop
Zot:1:    layout_gridlike, st_single_dragon_hoard_2, uniq_grunn
Zot:2:    layout_gridlike, gammafunk_ghost_berserking_beasts,
          kennysheep_underground_church
Zot:3:    kennysheep_spiral_hall, layout_gridville, zot_minivault_4
Zot:4:    layout_basic, st_stairs_5, lemuel_flame_loot_1
Zot:5:    layout_basic, st_stairs_1

Skill      XL: |  1  2  3  4  5  6  7  8  9 10 11 12 13 14 15 16 17 18 19 20 21 22 23 24 25 26 27 |
---------------+----------------------------------------------------------------------------------+-----
Spellcasting   | 5 6 7 8 9 10 11 12 13 14 15 16 17 18 19 | 19.5
Invocations    | 1 2 3 4 5 6 7 8 9 10 11 12 13 14 15 16 17 18 19 20 | 20.4
Short Blades   | 1 2 3 5 6 7 8 9 10 11 12 13 14 15 16 17 18 | 18.9
Axes           | 1 2 3 5 6 7 8 9 10 11 12 13 14 15 16 17 18 | 18.9
Maces & Flails | 1 2 3 5 6 7 8 9 10 11 12 13 14 15 16 17 18 | 18.9
Polearms       | 1 2 3 5 6 7 8 9 10 11 12 13 14 15 16 17 18 | 18.9
Staves         | 1 2 3 5 6 7 8 9 10 11 12 13 14 15 16 17 18 | 18.9
Ranged Weapons | 1 2 3 5 6 7 8 9 10 11 12 13 14 15 16 17 18 | 18.9
Throwing       | 1 2 3 5 6 7 8 9 10 11 12 13 14 15 16 17 18 | 18.9
Armour         | 1 2 3 5 6 7 8 9 10 11 12 13 14 15 16 17 18 | 18.9
Stealth        | 1 2 3 5 6 7 8 9 10 11 12 13 14 15 16 17 18 | 18.9
Shields        | 1 2 3 5 6 7 8 9 10 11 12 13 14 16 17 18 19 20 21 22 23 | 23.0
Unarmed Combat | 1 2 3 5 6 7 8 9 10 11 12 13 14 15 16 17 18 | 18.9
Evocations     | 1 2 3 5 6 7 8 9 10 11 12 13 14 15 16 17 18 | 18.9
Shapeshifting  | 1 2 3 4 5 6 7 8 9 10 11 12 13 14 15 16 17 | 17.5
Hexes          | 1 2 3 4 5 6 7 8 9 10 11 12 13 14 15 16 | 16.1
Summonings     | 1 2 3 4 5 6 7 8 9 10 11 12 13 14 15 16 | 16.1
Necromancy     | 1 2 3 4 5 6 7 8 9 10 11 12 13 14 15 16 | 16.1
Translocations | 1 2 3 4 5 6 7 8 9 10 11 12 13 14 15 16 | 16.1
Fire Magic     | 1 2 3 4 5 6 7 8 9 10 11 12 13 14 15 16 | 16.1
Ice Magic      | 1 2 3 4 5 6 7 8 9 10 11 12 13 14 15 16 | 16.1
Air Magic      | 1 2 3 4 5 6 7 8 9 10 11 12 13 14 15 16 | 16.1
Earth Magic    | 1 2 3 4 5 6 7 8 9 10 11 12 13 14 15 16 | 16.1
Alchemy        | 1 2 3 4 5 6 7 8 9 10 11 12 13 14 15 16 | 16.1
Fighting       | 5 6 7 8 9 10 11 12 13 14 15 16 17 18 19 | 19.4
Dodging        | 5 6 7 8 9 10 11 12 13 14 15 16 17 18 19 | 19.4
Long Blades    | 7 8 9 10 11 12 13 14 15 16 17 18 19 | 19.8
Conjurations   | 6 7 8 9 10 11 12 13 14 15 16 | 16.9

Action                     |  1- 3 |  4- 6 |  7- 9 | 10-12 | 13-15 | 16-18 | 19-21 | 22-24 | 25-27 || total
---------------------------+-------+-------+-------+-------+-------+-------+-------+-------+-------++-------
  Melee: Falchion          |   101 |   206 |   284 |       |       |       |       |       |       ||   591
         Bite              |    13 |    27 |    48 |   112 |   213 |   128 |   131 |   253 |   175 ||  1100
         Scimitar          |       |       |    70 |   543 |   358 |    88 |       |       |       ||  1059
         Long sword        |       |       |       |   181 |   856 |   555 |       |       |       ||  1592
         Demon blade       |       |       |       |       |       |   216 |   729 |  1060 |   783 ||  2788
         Eveningstar       |       |       |       |       |       |     6 |       |       |       ||     6
  Throw: Dart              |       |    14 |    42 |    50 |     8 |    23 |    21 |     9 |       ||   167
         Boomerang         |       |       |       |     5 |       |       |       |    61 |   345 ||   411
         Javelin           |       |       |       |       |       |     2 |       |       |    47 ||    49
   Cast: Kiss of Death     |       |     1 |       |       |       |       |       |       |       ||     1
         Sting             |       |     3 |    48 |    23 |    74 |    49 |     3 |       |       ||   200
         Frozen Ramparts   |       |       |       |     1 |     3 |     4 |    38 |    53 |    11 ||   110
         Fireball          |       |       |       |       |    41 |    19 |     2 |     1 |       ||    63
         Searing Ray       |       |       |       |       |     2 |       |       |       |       ||     2
         Freezing Cloud    |       |       |       |       |       |   189 |   249 |   201 |   121 ||   760
         Stone Arrow       |       |       |       |       |       |     7 |     3 |     3 |     1 ||    14
         Bombard           |       |       |       |       |       |       |     5 |    21 |    12 ||    38
         Cause Fear        |       |       |       |       |       |       |     1 |     6 |       ||     7
         Starburst         |       |       |       |       |       |       |       |    17 |       ||    17
         Dispersal         |       |       |       |       |       |       |       |       |     3 ||     3
 Invoke: Curse Item        |       |       |       |     3 |     1 |       |     3 |       |     1 ||     8
         Shatter the Chain |       |       |       |       |       |     2 |       |     1 |       ||     3
Ability: Evoke Blink       |       |       |       |       |       |       |       |       |     2 ||     2
  Evoke: Wand              |       |       |     5 |     2 |     3 |     8 |     6 |     6 |    10 ||    40
         Tin of tremorston |       |       |       |       |     1 |     3 |     2 |       |     2 ||     8
         Condenser vane    |       |       |       |       |       |     2 |     1 |       |       ||     3
         Box of beasts     |       |       |       |       |       |       |     3 |     1 |     1 ||     5
    Use: Scroll            |       |       |     7 |     3 |     4 |     8 |     5 |     2 |    10 ||    39
         Potion            |       |       |     1 |     1 |     2 |     4 |       |     5 |    29 ||    42
   Stab: Sleeping          |       |     1 |     4 |     6 |    27 |    11 |     3 |    16 |     3 ||    71
         Distracted        |       |       |       |     1 |     7 |    13 |    16 |    35 |    15 ||    87
         Paralysed         |       |       |       |       |       |     2 |     3 |     2 |       ||     7
         Petrified         |       |       |       |       |       |       |     2 |       |       ||     2
         Invisible         |       |       |       |       |       |       |       |     2 |       ||     2
 Armour: Leather armour    |    61 |    72 |   247 |   323 |   565 |   176 |       |       |       ||  1444
         Ring mail         |       |    41 |    26 |       |       |       |       |       |       ||    67
         Chain mail        |       |       |       |    23 |       |   449 |   634 |   622 |   613 ||  2341
  Dodge: Dodged            |    43 |   100 |   311 |   705 |   615 |   444 |   107 |   125 |   136 ||  2586
         Repelled          |     1 |    13 |     7 |    10 |    14 |       |       |       |       ||    45
  Block: Buckler           |       |       |       |       |   357 |   477 |       |       |       ||   834
         Reflection        |       |       |       |       |     8 |   128 |   191 |    69 |    25 ||   421
         Kite shield       |       |       |       |       |       |   201 |    53 |       |       ||   254
         Tower shield      |       |       |       |       |       |       |   831 |  1067 |   814 ||  2712

Table legend: (Time is in decaauts)
 A = Elapsed time spent in this place.
 B = Non-inter-level travel time spent in this place.
 C = Inter-level travel time spent in this place.
 D = Time resting spent in this place.
 E = Time spent auto-exploring this place.
 F = Levels seen in this place.
 G = Mean time per level.
                   A        B        C        D        E       F      G
               +--------+--------+--------+--------+--------+-----+--------+
         Total |  67042 |  59238 |   7804 |  11940 |  22010 |  50 | 1340.8 |
       Dungeon |  18903 |  15154 |   3749 |   1051 |   8753 |  15 | 1260.2 |
        Temple |     42 |      2 |     40 |      0 |      0 |   1 |   42.0 |
          Lair |   8170 |   6518 |   1652 |   1253 |   2467 |   5 | 1634.0 |
        Shoals |   4105 |   4006 |     99 |   1091 |    789 |   4 | 1026.2 |
     Snake Pit |   7581 |   7095 |    486 |   1956 |   2937 |   4 | 1895.2 |
  Orcish Mines |   2743 |   2184 |    559 |    306 |    977 |   2 | 1371.5 |
   Elven Halls |   2418 |   2348 |     70 |    201 |   1577 |   2 | 1209.0 |
        Vaults |   8967 |   8386 |    581 |   1839 |   2288 |   5 | 1793.4 |
        Depths |   7185 |   6814 |    371 |   2331 |   1759 |   4 | 1796.2 |
           Zot |   5585 |   5392 |    193 |   1841 |     47 |   5 | 1117.0 |
         Trove |     79 |     79 |      0 |      0 |      0 |   1 |   79.0 |
      Ice Cave |    905 |    905 |      0 |      0 |    318 |   1 |  905.0 |
      Gauntlet |    353 |    353 |      0 |     69 |     96 |   1 |  353.0 |
               +--------+--------+--------+--------+--------+-----+--------+

Top non-repeatable levels by time:
 Snake:4: 2588 daAuts
Vaults:5: 2237 daAuts
 Snake:3: 2182 daAuts
Vaults:1: 2126 daAuts
Depths:4: 2112 daAuts
Vaults:2: 2063 daAuts
Depths:3: 2030 daAuts
   Zot:5: 2009 daAuts
  Lair:3: 1993 daAuts
     D:4: 1904 daAuts
   Orc:2: 1900 daAuts
  Lair:4: 1816 daAuts
     D:9: 1741 daAuts
     D:3: 1686 daAuts
Depths:1: 1670 daAuts
